%YAML 1.1
%TAG !u! tag:unity3d.com,2011:
--- !u!1 &4763665376961331170
GameObject:
  m_ObjectHideFlags: 0
  m_CorrespondingSourceObject: {fileID: 0}
  m_PrefabInstance: {fileID: 0}
  m_PrefabAsset: {fileID: 0}
  serializedVersion: 6
  m_Component:
  - component: {fileID: 4763665376961331180}
  - component: {fileID: 3516109095717315251}
  - component: {fileID: 2725404484540033188}
  - component: {fileID: 4241781506868690165}
  m_Layer: 0
  m_Name: DragAndDropSolarSystem
  m_TagString: Untagged
  m_Icon: {fileID: 0}
  m_NavMeshLayer: 0
  m_StaticEditorFlags: 0
  m_IsActive: 1
--- !u!4 &4763665376961331180
Transform:
  m_ObjectHideFlags: 0
  m_CorrespondingSourceObject: {fileID: 0}
  m_PrefabInstance: {fileID: 0}
  m_PrefabAsset: {fileID: 0}
  m_GameObject: {fileID: 4763665376961331170}
  m_LocalRotation: {x: -0, y: -0, z: -0, w: 1}
  m_LocalPosition: {x: 2.08, y: 0.08499998, z: -0.56}
  m_LocalScale: {x: 1, y: 1, z: 1}
  m_ConstrainProportionsScale: 0
  m_Children:
  - {fileID: 4763665377453963163}
  - {fileID: 4763665375463707707}
  - {fileID: 4763665376583830029}
  m_Father: {fileID: 0}
  m_RootOrder: 0
  m_LocalEulerAnglesHint: {x: 0, y: 0, z: 0}
--- !u!114 &3516109095717315251
MonoBehaviour:
  m_ObjectHideFlags: 0
  m_CorrespondingSourceObject: {fileID: 0}
  m_PrefabInstance: {fileID: 0}
  m_PrefabAsset: {fileID: 0}
  m_GameObject: {fileID: 4763665376961331170}
  m_Enabled: 0
  m_EditorHideFlags: 0
  m_Script: {fileID: 11500000, guid: f275b00fba4854041a3931c213b5e38f, type: 3}
  m_Name: 
  m_EditorClassIdentifier: 
  hoverMaterial: {fileID: 0}
  selectMaterial: {fileID: 0}
  reactsOnLeftPointer: 1
  reactsOnRightPointer: 1
  allowSelection: 1
  allowClick: 1
  allowHover: 1
  enableDefaultMouseInteractions: 1
  outlineOnHover: 1
  onClick:
    m_PersistentCalls:
      m_Calls: []
  onHover:
    m_PersistentCalls:
      m_Calls: []
  onUnhover:
    m_PersistentCalls:
      m_Calls: []
  onSelect:
    m_PersistentCalls:
      m_Calls: []
  onUnselect:
    m_PersistentCalls:
      m_Calls: []
  onPressed:
    m_PersistentCalls:
      m_Calls: []
  onReleased:
    m_PersistentCalls:
      m_Calls: []
  onIsHolding:
    m_PersistentCalls:
      m_Calls: []
  onBeginHolding:
    m_PersistentCalls:
      m_Calls: []
  onEndHolding:
    m_PersistentCalls:
      m_Calls: []
--- !u!114 &2725404484540033188
MonoBehaviour:
  m_ObjectHideFlags: 0
  m_CorrespondingSourceObject: {fileID: 0}
  m_PrefabInstance: {fileID: 0}
  m_PrefabAsset: {fileID: 0}
  m_GameObject: {fileID: 4763665376961331170}
  m_Enabled: 1
  m_EditorHideFlags: 0
  m_Script: {fileID: 11500000, guid: cd3ef129fcc54e2b85fb97c14787fb69, type: 3}
  m_Name: 
  m_EditorClassIdentifier: 
  draggingObjectHolder: {fileID: 0}
  onDraggedAny:
    m_PersistentCalls:
      m_Calls: []
  onDroppedAny:
    m_PersistentCalls:
      m_Calls: []
--- !u!114 &4241781506868690165
MonoBehaviour:
  m_ObjectHideFlags: 0
  m_CorrespondingSourceObject: {fileID: 0}
  m_PrefabInstance: {fileID: 0}
  m_PrefabAsset: {fileID: 0}
  m_GameObject: {fileID: 4763665376961331170}
  m_Enabled: 1
  m_EditorHideFlags: 0
  m_Script: {fileID: 11500000, guid: ae07eff5cb242fc479fe5d58ea571068, type: 3}
  m_Name: 
  m_EditorClassIdentifier: 
  onMouseClick:
    m_PersistentCalls:
      m_Calls: []
  onMouseEnter:
    m_PersistentCalls:
      m_Calls: []
  onMouseLeave:
    m_PersistentCalls:
      m_Calls: []
  onMouseDown:
    m_PersistentCalls:
      m_Calls: []
  onMouseUp:
    m_PersistentCalls:
      m_Calls: []
--- !u!1001 &7695295614261260361
PrefabInstance:
  m_ObjectHideFlags: 0
  serializedVersion: 2
  m_Modification:
    m_TransformParent: {fileID: 4763665376961331180}
    m_Modifications:
    - target: {fileID: 2941095735757390485, guid: 55dfc91c8823ed7409afcfe2ffc7c2d2,
        type: 3}
      propertyPath: m_OnClick.m_PersistentCalls.m_Calls.Array.data[0].m_Target
      value: 
      objectReference: {fileID: 0}
    - target: {fileID: 2941095736978072690, guid: 55dfc91c8823ed7409afcfe2ffc7c2d2,
        type: 3}
      propertyPath: m_Pivot.x
      value: 0.5
      objectReference: {fileID: 0}
    - target: {fileID: 2941095736978072690, guid: 55dfc91c8823ed7409afcfe2ffc7c2d2,
        type: 3}
      propertyPath: m_Pivot.y
      value: 0.5
      objectReference: {fileID: 0}
    - target: {fileID: 2941095736978072690, guid: 55dfc91c8823ed7409afcfe2ffc7c2d2,
        type: 3}
      propertyPath: m_RootOrder
      value: 1
      objectReference: {fileID: 0}
    - target: {fileID: 2941095736978072690, guid: 55dfc91c8823ed7409afcfe2ffc7c2d2,
        type: 3}
      propertyPath: m_AnchorMax.x
      value: 0
      objectReference: {fileID: 0}
    - target: {fileID: 2941095736978072690, guid: 55dfc91c8823ed7409afcfe2ffc7c2d2,
        type: 3}
      propertyPath: m_AnchorMax.y
      value: 0
      objectReference: {fileID: 0}
    - target: {fileID: 2941095736978072690, guid: 55dfc91c8823ed7409afcfe2ffc7c2d2,
        type: 3}
      propertyPath: m_AnchorMin.x
      value: 0
      objectReference: {fileID: 0}
    - target: {fileID: 2941095736978072690, guid: 55dfc91c8823ed7409afcfe2ffc7c2d2,
        type: 3}
      propertyPath: m_AnchorMin.y
      value: 0
      objectReference: {fileID: 0}
    - target: {fileID: 2941095736978072690, guid: 55dfc91c8823ed7409afcfe2ffc7c2d2,
        type: 3}
      propertyPath: m_SizeDelta.x
      value: 0.3421583
      objectReference: {fileID: 0}
    - target: {fileID: 2941095736978072690, guid: 55dfc91c8823ed7409afcfe2ffc7c2d2,
        type: 3}
      propertyPath: m_SizeDelta.y
      value: 0.3738264
      objectReference: {fileID: 0}
    - target: {fileID: 2941095736978072690, guid: 55dfc91c8823ed7409afcfe2ffc7c2d2,
        type: 3}
      propertyPath: m_LocalPosition.x
      value: 0
      objectReference: {fileID: 0}
    - target: {fileID: 2941095736978072690, guid: 55dfc91c8823ed7409afcfe2ffc7c2d2,
        type: 3}
      propertyPath: m_LocalPosition.y
      value: 0
      objectReference: {fileID: 0}
    - target: {fileID: 2941095736978072690, guid: 55dfc91c8823ed7409afcfe2ffc7c2d2,
        type: 3}
      propertyPath: m_LocalPosition.z
      value: 3.67
      objectReference: {fileID: 0}
    - target: {fileID: 2941095736978072690, guid: 55dfc91c8823ed7409afcfe2ffc7c2d2,
        type: 3}
      propertyPath: m_LocalRotation.w
      value: -0.3420201
      objectReference: {fileID: 0}
    - target: {fileID: 2941095736978072690, guid: 55dfc91c8823ed7409afcfe2ffc7c2d2,
        type: 3}
      propertyPath: m_LocalRotation.x
      value: 0
      objectReference: {fileID: 0}
    - target: {fileID: 2941095736978072690, guid: 55dfc91c8823ed7409afcfe2ffc7c2d2,
        type: 3}
      propertyPath: m_LocalRotation.y
      value: 0.9396927
      objectReference: {fileID: 0}
    - target: {fileID: 2941095736978072690, guid: 55dfc91c8823ed7409afcfe2ffc7c2d2,
        type: 3}
      propertyPath: m_LocalRotation.z
      value: -0
      objectReference: {fileID: 0}
    - target: {fileID: 2941095736978072690, guid: 55dfc91c8823ed7409afcfe2ffc7c2d2,
        type: 3}
      propertyPath: m_AnchoredPosition.x
      value: -0.4869999
      objectReference: {fileID: 0}
    - target: {fileID: 2941095736978072690, guid: 55dfc91c8823ed7409afcfe2ffc7c2d2,
        type: 3}
      propertyPath: m_AnchoredPosition.y
      value: 0.5270001
      objectReference: {fileID: 0}
    - target: {fileID: 2941095736978072690, guid: 55dfc91c8823ed7409afcfe2ffc7c2d2,
        type: 3}
      propertyPath: m_LocalEulerAnglesHint.x
      value: 0
      objectReference: {fileID: 0}
    - target: {fileID: 2941095736978072690, guid: 55dfc91c8823ed7409afcfe2ffc7c2d2,
        type: 3}
      propertyPath: m_LocalEulerAnglesHint.y
      value: 220
      objectReference: {fileID: 0}
    - target: {fileID: 2941095736978072690, guid: 55dfc91c8823ed7409afcfe2ffc7c2d2,
        type: 3}
      propertyPath: m_LocalEulerAnglesHint.z
      value: 0
      objectReference: {fileID: 0}
    - target: {fileID: 2941095736978072697, guid: 55dfc91c8823ed7409afcfe2ffc7c2d2,
        type: 3}
      propertyPath: m_Name
      value: EarthTarget
      objectReference: {fileID: 0}
    m_RemovedComponents: []
  m_SourcePrefab: {fileID: 100100000, guid: 55dfc91c8823ed7409afcfe2ffc7c2d2, type: 3}
--- !u!224 &4763665375463707707 stripped
RectTransform:
  m_CorrespondingSourceObject: {fileID: 2941095736978072690, guid: 55dfc91c8823ed7409afcfe2ffc7c2d2,
    type: 3}
  m_PrefabInstance: {fileID: 7695295614261260361}
  m_PrefabAsset: {fileID: 0}
--- !u!1001 &7877851541210298996
PrefabInstance:
  m_ObjectHideFlags: 0
  serializedVersion: 2
  m_Modification:
    m_TransformParent: {fileID: 4763665376961331180}
    m_Modifications:
    - target: {fileID: 3407026268475100652, guid: caf0e1cd13fbd0b4ab294491bcd9778b,
        type: 3}
      propertyPath: m_Name
      value: SunTarget
      objectReference: {fileID: 0}
    - target: {fileID: 3407026268475100655, guid: caf0e1cd13fbd0b4ab294491bcd9778b,
        type: 3}
      propertyPath: m_Pivot.x
      value: 0.5
      objectReference: {fileID: 0}
    - target: {fileID: 3407026268475100655, guid: caf0e1cd13fbd0b4ab294491bcd9778b,
        type: 3}
      propertyPath: m_Pivot.y
      value: 0.5
      objectReference: {fileID: 0}
    - target: {fileID: 3407026268475100655, guid: caf0e1cd13fbd0b4ab294491bcd9778b,
        type: 3}
      propertyPath: m_RootOrder
      value: 0
      objectReference: {fileID: 0}
    - target: {fileID: 3407026268475100655, guid: caf0e1cd13fbd0b4ab294491bcd9778b,
        type: 3}
      propertyPath: m_AnchorMax.x
      value: 0
      objectReference: {fileID: 0}
    - target: {fileID: 3407026268475100655, guid: caf0e1cd13fbd0b4ab294491bcd9778b,
        type: 3}
      propertyPath: m_AnchorMax.y
      value: 0
      objectReference: {fileID: 0}
    - target: {fileID: 3407026268475100655, guid: caf0e1cd13fbd0b4ab294491bcd9778b,
        type: 3}
      propertyPath: m_AnchorMin.x
      value: 0
      objectReference: {fileID: 0}
    - target: {fileID: 3407026268475100655, guid: caf0e1cd13fbd0b4ab294491bcd9778b,
        type: 3}
      propertyPath: m_AnchorMin.y
      value: 0
      objectReference: {fileID: 0}
    - target: {fileID: 3407026268475100655, guid: caf0e1cd13fbd0b4ab294491bcd9778b,
        type: 3}
      propertyPath: m_SizeDelta.x
      value: 0.34215832
      objectReference: {fileID: 0}
    - target: {fileID: 3407026268475100655, guid: caf0e1cd13fbd0b4ab294491bcd9778b,
        type: 3}
      propertyPath: m_SizeDelta.y
      value: 0.3738264
      objectReference: {fileID: 0}
    - target: {fileID: 3407026268475100655, guid: caf0e1cd13fbd0b4ab294491bcd9778b,
        type: 3}
      propertyPath: m_LocalPosition.x
      value: 0
      objectReference: {fileID: 0}
    - target: {fileID: 3407026268475100655, guid: caf0e1cd13fbd0b4ab294491bcd9778b,
        type: 3}
      propertyPath: m_LocalPosition.y
      value: 0
      objectReference: {fileID: 0}
    - target: {fileID: 3407026268475100655, guid: caf0e1cd13fbd0b4ab294491bcd9778b,
        type: 3}
      propertyPath: m_LocalPosition.z
      value: 3.6631
      objectReference: {fileID: 0}
    - target: {fileID: 3407026268475100655, guid: caf0e1cd13fbd0b4ab294491bcd9778b,
        type: 3}
      propertyPath: m_LocalRotation.w
      value: -0.42261827
      objectReference: {fileID: 0}
    - target: {fileID: 3407026268475100655, guid: caf0e1cd13fbd0b4ab294491bcd9778b,
        type: 3}
      propertyPath: m_LocalRotation.x
      value: 0
      objectReference: {fileID: 0}
    - target: {fileID: 3407026268475100655, guid: caf0e1cd13fbd0b4ab294491bcd9778b,
        type: 3}
      propertyPath: m_LocalRotation.y
      value: 0.9063079
      objectReference: {fileID: 0}
    - target: {fileID: 3407026268475100655, guid: caf0e1cd13fbd0b4ab294491bcd9778b,
        type: 3}
      propertyPath: m_LocalRotation.z
      value: -0
      objectReference: {fileID: 0}
    - target: {fileID: 3407026268475100655, guid: caf0e1cd13fbd0b4ab294491bcd9778b,
        type: 3}
      propertyPath: m_AnchoredPosition.x
      value: -0.492
      objectReference: {fileID: 0}
    - target: {fileID: 3407026268475100655, guid: caf0e1cd13fbd0b4ab294491bcd9778b,
        type: 3}
      propertyPath: m_AnchoredPosition.y
      value: -0.0703
      objectReference: {fileID: 0}
    - target: {fileID: 3407026268475100655, guid: caf0e1cd13fbd0b4ab294491bcd9778b,
        type: 3}
      propertyPath: m_LocalEulerAnglesHint.x
      value: 0
      objectReference: {fileID: 0}
    - target: {fileID: 3407026268475100655, guid: caf0e1cd13fbd0b4ab294491bcd9778b,
        type: 3}
      propertyPath: m_LocalEulerAnglesHint.y
      value: 230
      objectReference: {fileID: 0}
    - target: {fileID: 3407026268475100655, guid: caf0e1cd13fbd0b4ab294491bcd9778b,
        type: 3}
      propertyPath: m_LocalEulerAnglesHint.z
      value: 0
      objectReference: {fileID: 0}
    - target: {fileID: 3407026268475100660, guid: caf0e1cd13fbd0b4ab294491bcd9778b,
        type: 3}
      propertyPath: m_PresetInfoIsWorld
      value: 1
      objectReference: {fileID: 0}
    - target: {fileID: 3407026269816399900, guid: caf0e1cd13fbd0b4ab294491bcd9778b,
        type: 3}
      propertyPath: m_OnClick.m_PersistentCalls.m_Calls.Array.data[0].m_Target
      value: 
      objectReference: {fileID: 0}
    m_RemovedComponents: []
  m_SourcePrefab: {fileID: 100100000, guid: caf0e1cd13fbd0b4ab294491bcd9778b, type: 3}
--- !u!224 &4763665377453963163 stripped
RectTransform:
  m_CorrespondingSourceObject: {fileID: 3407026268475100655, guid: caf0e1cd13fbd0b4ab294491bcd9778b,
    type: 3}
  m_PrefabInstance: {fileID: 7877851541210298996}
  m_PrefabAsset: {fileID: 0}
--- !u!1001 &8507055071604310181
PrefabInstance:
  m_ObjectHideFlags: 0
  serializedVersion: 2
  m_Modification:
    m_TransformParent: {fileID: 4763665376961331180}
    m_Modifications:
    - target: {fileID: 3752855184014623345, guid: c04276b2f35099f4ab5f7b00198dc379,
        type: 3}
      propertyPath: m_OnClick.m_PersistentCalls.m_Calls.Array.data[0].m_Target
      value: 
      objectReference: {fileID: 0}
    - target: {fileID: 3752855184467970727, guid: c04276b2f35099f4ab5f7b00198dc379,
        type: 3}
      propertyPath: m_Name
      value: MoonTarget
      objectReference: {fileID: 0}
    - target: {fileID: 3752855184467970728, guid: c04276b2f35099f4ab5f7b00198dc379,
        type: 3}
      propertyPath: m_Pivot.x
      value: 0.5
      objectReference: {fileID: 0}
    - target: {fileID: 3752855184467970728, guid: c04276b2f35099f4ab5f7b00198dc379,
        type: 3}
      propertyPath: m_Pivot.y
      value: 0.5
      objectReference: {fileID: 0}
    - target: {fileID: 3752855184467970728, guid: c04276b2f35099f4ab5f7b00198dc379,
        type: 3}
      propertyPath: m_RootOrder
      value: 2
      objectReference: {fileID: 0}
    - target: {fileID: 3752855184467970728, guid: c04276b2f35099f4ab5f7b00198dc379,
        type: 3}
      propertyPath: m_AnchorMax.x
      value: 0
      objectReference: {fileID: 0}
    - target: {fileID: 3752855184467970728, guid: c04276b2f35099f4ab5f7b00198dc379,
        type: 3}
      propertyPath: m_AnchorMax.y
      value: 0
      objectReference: {fileID: 0}
    - target: {fileID: 3752855184467970728, guid: c04276b2f35099f4ab5f7b00198dc379,
        type: 3}
      propertyPath: m_AnchorMin.x
      value: 0
      objectReference: {fileID: 0}
    - target: {fileID: 3752855184467970728, guid: c04276b2f35099f4ab5f7b00198dc379,
        type: 3}
      propertyPath: m_AnchorMin.y
      value: 0
      objectReference: {fileID: 0}
    - target: {fileID: 3752855184467970728, guid: c04276b2f35099f4ab5f7b00198dc379,
        type: 3}
      propertyPath: m_SizeDelta.x
      value: 0.3421583
      objectReference: {fileID: 0}
    - target: {fileID: 3752855184467970728, guid: c04276b2f35099f4ab5f7b00198dc379,
        type: 3}
      propertyPath: m_SizeDelta.y
      value: 0.3738264
      objectReference: {fileID: 0}
    - target: {fileID: 3752855184467970728, guid: c04276b2f35099f4ab5f7b00198dc379,
        type: 3}
      propertyPath: m_LocalPosition.x
      value: 0
      objectReference: {fileID: 0}
    - target: {fileID: 3752855184467970728, guid: c04276b2f35099f4ab5f7b00198dc379,
        type: 3}
      propertyPath: m_LocalPosition.y
      value: 0
      objectReference: {fileID: 0}
    - target: {fileID: 3752855184467970728, guid: c04276b2f35099f4ab5f7b00198dc379,
        type: 3}
      propertyPath: m_LocalPosition.z
      value: 3.67
      objectReference: {fileID: 0}
    - target: {fileID: 3752855184467970728, guid: c04276b2f35099f4ab5f7b00198dc379,
        type: 3}
      propertyPath: m_LocalRotation.w
      value: -0.5735764
      objectReference: {fileID: 0}
    - target: {fileID: 3752855184467970728, guid: c04276b2f35099f4ab5f7b00198dc379,
        type: 3}
      propertyPath: m_LocalRotation.x
      value: 0
      objectReference: {fileID: 0}
    - target: {fileID: 3752855184467970728, guid: c04276b2f35099f4ab5f7b00198dc379,
        type: 3}
      propertyPath: m_LocalRotation.y
      value: 0.8191521
      objectReference: {fileID: 0}
    - target: {fileID: 3752855184467970728, guid: c04276b2f35099f4ab5f7b00198dc379,
        type: 3}
      propertyPath: m_LocalRotation.z
      value: -0
      objectReference: {fileID: 0}
    - target: {fileID: 3752855184467970728, guid: c04276b2f35099f4ab5f7b00198dc379,
        type: 3}
      propertyPath: m_AnchoredPosition.x
      value: -0.4869999
      objectReference: {fileID: 0}
    - target: {fileID: 3752855184467970728, guid: c04276b2f35099f4ab5f7b00198dc379,
        type: 3}
      propertyPath: m_AnchoredPosition.y
      value: -0.683
      objectReference: {fileID: 0}
    - target: {fileID: 3752855184467970728, guid: c04276b2f35099f4ab5f7b00198dc379,
        type: 3}
      propertyPath: m_LocalEulerAnglesHint.x
      value: 0
      objectReference: {fileID: 0}
    - target: {fileID: 3752855184467970728, guid: c04276b2f35099f4ab5f7b00198dc379,
        type: 3}
      propertyPath: m_LocalEulerAnglesHint.y
      value: 250
      objectReference: {fileID: 0}
    - target: {fileID: 3752855184467970728, guid: c04276b2f35099f4ab5f7b00198dc379,
        type: 3}
      propertyPath: m_LocalEulerAnglesHint.z
      value: 0
      objectReference: {fileID: 0}
    - target: {fileID: 3752855184467970735, guid: c04276b2f35099f4ab5f7b00198dc379,
        type: 3}
      propertyPath: m_PresetInfoIsWorld
      value: 1
      objectReference: {fileID: 0}
    m_RemovedComponents: []
  m_SourcePrefab: {fileID: 100100000, guid: c04276b2f35099f4ab5f7b00198dc379, type: 3}
--- !u!224 &4763665376583830029 stripped
RectTransform:
  m_CorrespondingSourceObject: {fileID: 3752855184467970728, guid: c04276b2f35099f4ab5f7b00198dc379,
    type: 3}
  m_PrefabInstance: {fileID: 8507055071604310181}
  m_PrefabAsset: {fileID: 0}
